 Dungeon Crawl Stone Soup version 0.23.1 (webtiles) character file.

Game seed: 16476186201523906005

65 Kniotic the Insei (level 3, 0/29 HPs)
             Began as a Demonspawn Monk on Mar 5, 2019.
             Slain by a gnoll
             ... wielding a +0 halberd
              (11 damage)
             ... on level 2 of the Dungeon.
             The game lasted 00:01:18 (1317 turns).

Kniotic the Insei (Demonspawn Monk)                 Turns: 1317, Time: 00:01:18

Health: 0/29       AC:  3    Str: 11    XL:     3   Next: 92%
Magic:  0/3        EV: 13    Int: 11    God:
Gold:   51         SH:  0    Dex: 16    Spells: 2/2 levels left

rFire    . . .     SeeInvis .     - Unarmed
rCold    . . .     Gourm    .   (no shield)
rNeg     . . .     Faith    .   a - +0 robe
rPois    .         Spirit   +   (no helmet)
rElec    .         Reflect  .   (no cloak)
rCorr    .         Harm     .   f - +0 pair of gloves
MR       .....                  (no boots)
Stlth    ++........             (no amulet)
HPRegen  0.09/turn              (no ring)
MPRegen  0.16/turn              (no ring)

@: no status effects
A: magic shield, magic regeneration
a: no special abilities


You were on level 2 of the Dungeon.
You were not hungry.

You visited 1 branch of the dungeon, and saw 2 of its levels.

You collected 51 gold pieces.

Inventory:

Armour
 a - a +0 robe (worn)
 f - a +0 pair of gloves (worn)
Jewellery
 k - an uncursed amulet of guardian spirit {unknown}
Scrolls
 c - 3 scrolls of identify {unknown}
 e - a scroll of magic mapping {unknown}
 g - a scroll of enchant armour {unknown}
 h - 2 scrolls of teleportation {unknown}
 i - a scroll of enchant weapon {unknown}
 j - a scroll of remove curse {unknown}
Comestibles
 b - 2 rations
 d - 3 chunks of flesh


   Skills:
 - Level 3.0 Fighting
 - Level 2.6 Dodging
 - Level 1.7 Stealth
 + Level 4.4 Unarmed Combat


You had 2 spell levels left.
You didn't know any spells.
Your spell library was empty.

Dungeon Overview and Level Annotations

Branches:
Dungeon (2/15)

Altars:


Innate Abilities, Weirdness & Mutations

When hurt, damage is shared between your health and your magic reserves.
You regenerate magic rapidly.


Message History

You hit the gnoll.
The gnoll is moderately wounded.
The gnoll misses you.
You hit the gnoll but do no damage.
The gnoll is moderately wounded.
You closely miss the gnoll.
The gnoll is moderately wounded.
The gnoll hits you with a +0 halberd.
You hit the gnoll.
The gnoll is severely wounded.
The gnoll hits you with a +0 halberd!
You closely miss the gnoll.
The gnoll is severely wounded.
The gnoll hits you with a +0 halberd.
You closely miss the gnoll.
The gnoll is severely wounded.
You barely miss the gnoll.
The gnoll is severely wounded.
The gnoll hits you with a +0 halberd!
You die...

#... .# # ##....#
#..######.#.#
......###..#.........
#....+...........#..
#....###..##.....<..
#...........รท.......#
#..(..#..#.#...#....#
#####.....#..<.......#..#
........g@........>#....#
##.###?##..........).#..#
###. #...###.........#
#... #...#..........#
#.## #...#.#........# #.#
#...#.###.####.# #.#
#...#.# #.# #.#####..#.#
#.# #........#.# #.#


You could see a gnoll.

Vanquished Creatures
  Natasha (D:2)
  An adder (D:2)
  An ooze (D:1)
  A dart slug (D:1)
  A ball python (D:1)
  A bat (D:1)
  A giant cockroach (D:1)
  3 goblins (D:1)
  5 hobgoblins
  4 jackals (D:1)
  A frilled lizard (D:1)
  3 kobolds (D:1)
  A rat (D:1)
24 creatures vanquished.

Notes
Turn   | Place    | Note
-------+----------+-------------------------------------------
     0 | D:1      | Kniotic the Demonspawn Monk began the quest for the Orb.
     0 | D:1      | Reached XP level 1. HP: 18/18 MP: 1/1
    51 | D:1      | Reached skill level 3 in Unarmed Combat
   186 | D:1      | Gained mutation: When hurt, damage is shared between your
                  | health and your magic reserves. [demonic ancestry]
   186 | D:1      | Reached XP level 2. HP: 16/24 MP: 2/2
   632 | D:1      | Gained mutation: You regenerate magic rapidly. [demonic
                  | ancestry]
   632 | D:1      | Reached XP level 3. HP: 23/29 MP: 1/3
  1128 | D:2      | Reached skill level 4 in Unarmed Combat
  1241 | D:2      | Noticed Natasha
  1265 | D:2      | Killed Natasha
  1317 | D:2      | Slain by a gnoll

Skill      XL: |  1  2  3 |
---------------+----------+-----
Unarmed Combat | 3 4 |  4.4
Fighting       | |  3.0
Dodging        | |  2.6
Stealth        | |  1.7

Action                   || total
-------------------------++-------
Melee: Unarmed           ||   113
       Punch             ||     5
  Use: Potion            ||     1
 Stab: Sleeping          ||     2
  Eat: Chunk             ||     1
Armor: Robe              ||    27
Dodge: Dodged            ||    69
